Blue Jackets vs Flyers
Created - May 9, 2023 at 21:24
Goals
|
| Blue Jackets |
2 |
2 |
0 |
4 |
| Flyers |
1 |
0 |
1 |
2 |
|
Shots
|
| Blue Jackets |
15 |
8 |
9 |
32 |
| Flyers |
11 |
10 |
10 |
31 |
|
1st period
1. Flyers , Marcus Kruger 28 (Jonathan Ericsson 17, Brian Lashoff 16) at 0:57
2. Blue Jackets , PK Subban 10 (Blake Wheeler 8, William Karlsson 10) at 19:44
3. Blue Jackets , Nick Schmaltz 3 (Sidney Crosby 58) at 19:48
Penalties :
Max Pacioretty (Phi) for Holding (Minor) at 6:37, Ryan Kesler (Clb) for High sticking (Minor) at 13:19, Ryan Kesler (Clb) for Hooking (Minor) at 17:27
2nd period
4. Blue Jackets , Ryan Kesler 11 (Kyle Okposo 14) at 10:11
5. Blue Jackets , Ryan Kesler 12 (Michael Raffl 4, Teuvo Teravainen 44) at 18:37
Penalties :
Jordan Nolan (Phi) for Boarding (Minor) at 2:58, Fabian Brunnstrom (Clb) for Cross-checking (Minor) at 12:07
3rd period
6. Flyers , Drew Miller 19 (Jeff Carter 29) at 2:34
Penalties :
Kyle Okposo (Clb) for Hooking (Minor) at 4:43, Jordan Nolan (Phi) for Roughing (Minor) at 8:01, Fabian Brunnstrom (Clb) for Holding (Minor) at 11:43, Nick Ritchie (Phi) for Holding (Minor) at 18:56
Goalie Stats
John Gibson (Clb), 29 saves from 31 shots - (0.935), W, 27-19-4, 60:00 minutes
Ilya Sorokin (Phi), 28 saves from 32 shots - (0.875), L, 8-13-5, 60:00 minutes
Players Stats for Blue Jackets
Player Name G A P +/- PIM S H SB GA TA FO MP PP MP PK MP
------------------------------------------------------------------------------------
Aaron Ekblad 0 0 0 2 0 1 1 2 0 2 0/0 22:07 2:29 4:22
Ben Hutton 0 0 0 0 0 1 2 0 0 2 0/0 10:33 0:00 0:00
Blake Wheeler 0 1 1 1 0 1 3 0 0 0 0/0 10:40 3:14 0:00
Colton Parayko 0 0 0 0 0 0 1 2 0 0 0/0 27:20 4:31 5:33
Fabian Brunnstrom 0 0 0 -2 4 3 0 2 0 0 0/0 16:11 3:14 2:28
Kyle Okposo 0 1 1 2 2 1 0 1 1 1 1/1 14:47 3:46 0:00
Logan Couture 0 0 0 -2 0 3 3 0 0 0 4/12 17:14 3:14 3:52
Michael Raffl 0 1 1 2 0 0 0 0 0 1 0/1 12:49 0:00 1:47
Morgan Rielly 0 0 0 0 0 1 0 1 0 0 0/0 10:33 0:00 0:00
Nail Yakupov 0 0 0 -2 0 0 0 0 0 0 0/0 10:22 0:00 0:00
Nick Schmaltz 1 0 1 1 0 2 1 0 0 0 0/2 13:31 0:00 0:00
PK Subban 1 0 1 2 0 4 0 1 0 0 0/0 22:07 2:29 4:22
Ryan Dzingel 0 0 0 1 0 1 0 0 0 0 0/0 8:04 0:00 0:23
Ryan Kesler 2 0 2 2 4 2 1 0 0 0 4/8 11:41 0:00 0:20
Sidney Crosby 0 1 1 1 0 2 1 0 1 0 17/29 23:30 3:46 5:30
Teuvo Teravainen 0 1 1 1 0 6 1 0 0 1 0/2 23:30 3:46 5:30
Travis Hamonic 0 0 0 0 0 0 2 1 0 0 0/0 27:20 4:31 5:33
William Karlsson 0 1 1 1 0 4 0 0 2 0 1/2 7:41 0:00 0:00
Players Stats for Flyers
Player Name G A P +/- PIM S H SB GA TA FO MP PP MP PK MP
------------------------------------------------------------------------------------
Brian Lashoff 0 1 1 0 0 1 1 1 0 0 0/0 19:29 3:39 2:53
Brock Nelson 0 0 0 0 0 2 1 0 0 0 0/0 7:55 0:00 1:52
Calle Jarnkrok 0 0 0 0 0 1 0 0 0 0 1/3 8:34 0:00 1:55
Drew Miller 1 0 1 1 0 2 1 1 0 0 0/1 15:19 3:58 0:11
Ivan Provorov 0 0 0 -1 0 0 1 0 0 1 0/0 13:57 0:00 0:00
Jacob Trouba 0 0 0 -1 0 1 3 2 0 2 0/0 26:34 6:16 4:07
Jake Dotchin 0 0 0 -1 0 1 3 0 0 0 0/0 13:57 0:00 0:00
Jakub Voracek 0 0 0 -1 0 4 3 0 1 1 1/1 23:33 5:56 3:58
Jeff Carter 0 1 1 1 0 1 1 0 0 0 7/12 16:51 3:58 1:40
Jonathan Ericsson 0 1 1 0 0 0 1 0 1 0 0/0 19:29 3:39 2:53
Jordan Nolan 0 0 0 -1 4 4 1 0 0 0 18/31 21:23 5:56 1:35
Marcus Kruger 1 0 1 1 0 3 1 0 1 0 0/0 15:08 3:58 0:00
Matt Smaby 0 0 0 -1 0 1 1 0 0 0 0/0 26:34 6:16 4:07
Max Pacioretty 0 0 0 -1 2 2 0 1 2 0 1/2 19:41 5:56 0:29
Nick Ritchie 0 0 0 -2 2 1 1 1 0 0 0/3 13:58 0:00 2:20
Niclas Bergfors 0 0 0 -2 0 1 2 0 1 0 0/0 12:00 0:01 0:00
Tomas Kubalik 0 0 0 0 0 2 1 0 0 0 0/0 6:23 0:01 0:00
Travis Zajac 0 0 0 -2 0 4 1 0 1 0 2/4 12:11 0:01 0:00
3 Stars
1 - Ryan Kesler (Clb)
2 - PK Subban (Clb)
3 - Nick Schmaltz (Clb)
Power Play
Blue Jackets - 0 on 4 Attempt(s) - 0.00%
Flyers - 0 on 5 Attempt(s) - 0.00%
Penalty Kill
Blue Jackets - 5 on 5 Attempt(s) - 100.00%
- Score 0 goal in Penalty Kill
Flyers - 4 on 4 Attempt(s) - 100.00%
- Score 0 goal in Penalty Kill
Team Stat
Blue Jackets - Hits : 16 - Faceoff Wins : 27 - Blocked Shots : 10 - Penalty Minutes : 10
Flyers - Hits : 23 - Faceoff Wins : 30 - Blocked Shots : 6 - Penalty Minutes : 8
Official
Referees : Brian Pochmara and Brad Meier
Linesman : Shandor Alphonso and Libor Suchanek
Game Notes
No Game Note
Finance
Level 1 -- Attendance: 5303 (88.38%) -- Ticket Income $530,300
Level 2 -- Attendance: 4493 (89.86%) -- Ticket Income $269,580
Level 3 -- Attendance: 2000 (100.00%) -- Ticket Income $70,000
Level 4 -- Attendance: 4000 (100.00%) -- Ticket Income $100,000
Luxury Box -- Attendance: 926 (92.60%) -- Ticket Income $185,200
Game was played at the Wells Fargo Center.
Total Attendance: 16722 (92.90%)
Total Ticket Income: $1,155,080
Other Income: $173,262
Total Income: $1,328,342
Blue Jackets
5 vs 5 Forward
Center Left Wing Right Wing Time % Phy DF OF
1 Sidney Crosby Teuvo Teravainen Nick Schmaltz 40 1 2 2
2 Logan Couture Fabian Brunnstrom Nail Yakupov 30 1 2 2
3 Ryan Kesler Michael Raffl Kyle Okposo 20 1 2 2
4 William Karlsson Ryan Dzingel Blake Wheeler 10 1 2 2
5 vs 5 Defense
Defense Defense Time % Phy DF OF
1 Colton Parayko Travis Hamonic 40 1 2 2
2 Aaron Ekblad PK Subban 30 1 2 2
3 Ben Hutton Morgan Rielly 20 1 2 2
4 Colton Parayko Travis Hamonic 10 1 2 2
PowerPlay Forward
Center Left Wing Right Wing Time % Phy DF OF
1 Sidney Crosby Teuvo Teravainen Kyle Okposo 60 1 2 2
2 Logan Couture Fabian Brunnstrom Blake Wheeler 40 1 2 2
PowerPlay Defense
Defense Defense Time % Phy DF OF
1 Colton Parayko Travis Hamonic 60 1 2 2
2 Aaron Ekblad PK Subban 40 1 2 2
Penalty Kill 4 Players Forward
Center Wing Time % Phy DF OF
1 Sidney Crosby Teuvo Teravainen 60 1 2 2
2 Logan Couture Fabian Brunnstrom 40 1 2 2
Penalty Kill 4 Players Defense
Defense Defense Time % Phy DF OF
1 Colton Parayko Travis Hamonic 60 1 2 2
2 Aaron Ekblad PK Subban 40 1 2 2
Penalty Kill - 3 Players Forward
Forward Time % Phy DF OF
1 Sidney Crosby 60 1 2 2
2 Logan Couture 40 1 2 2
Penalty Kill - 3 Players Defense
Defense Defense Time % Phy DF OF
1 Colton Parayko Travis Hamonic 60 1 2 2
2 Aaron Ekblad PK Subban 40 1 2 2
4 vs 4 Forward
Center Wing Time % Phy DF OF
1 Sidney Crosby Teuvo Teravainen 60 1 2 2
2 Logan Couture Fabian Brunnstrom 40 1 2 2
4 vs 4 Defense
Defense Defense Time % Phy DF OF
1 Colton Parayko Travis Hamonic 60 1 2 2
2 Aaron Ekblad PK Subban 40 1 2 2
Last Minutes Offensive
Center Left Wing Right Wing Defense Defense
Sidney Crosby Teuvo Teravainen Kyle Okposo Colton Parayko Travis Hamonic
Last Minutes Defensive
Center Left Wing Right Wing Defense Defense
Sidney Crosby Teuvo Teravainen Kyle Okposo Colton Parayko Travis Hamonic
Goaltenders
Starting : John Gibson
Backup : Cam Talbot
Extra Forwards
Normal : Fabian Brunnstrom, Ryan Kesler, Blake Wheeler - PP : Fabian Brunnstrom, Ryan Kesler - PK : Fabian Brunnstrom
Extra Defensemen
Normal : PK Subban, Ben Hutton, Morgan Rielly - PP : PK Subban - PK : PK Subban, Ben Hutton
Penalty Shots
Sidney Crosby, Teuvo Teravainen, Kyle Okposo, Logan Couture, Fabian Brunnstrom
Scratches
Brian Ferlin (Healthy), Dmitrij Jaskin (Healthy), Ben Chiarot (Healthy)
Flyers
5 vs 5 Forward
Center Left Wing Right Wing Time % Phy DF OF
1 Jordan Nolan Max Pacioretty Jakub Voracek 40 1 2 2
2 Jeff Carter Drew Miller Marcus Kruger 30 1 2 2
3 Travis Zajac Nick Ritchie Niclas Bergfors 20 1 2 2
4 Calle Jarnkrok Brock Nelson Tomas Kubalik 10 1 2 2
5 vs 5 Defense
Defense Defense Time % Phy DF OF
1 Jacob Trouba Matt Smaby 40 1 2 2
2 Brian Lashoff Jonathan Ericsson 30 1 2 2
3 Jake Dotchin Ivan Provorov 20 1 2 2
4 Jacob Trouba Matt Smaby 10 1 2 2
PowerPlay Forward
Center Left Wing Right Wing Time % Phy DF OF
1 Jordan Nolan Max Pacioretty Jakub Voracek 60 1 2 2
2 Jeff Carter Drew Miller Marcus Kruger 40 1 2 2
PowerPlay Defense
Defense Defense Time % Phy DF OF
1 Jacob Trouba Matt Smaby 60 1 2 2
2 Brian Lashoff Jonathan Ericsson 40 1 2 2
Penalty Kill 4 Players Forward
Center Wing Time % Phy DF OF
1 Jordan Nolan Jakub Voracek 60 1 2 2
2 Jeff Carter Max Pacioretty 40 1 2 2
Penalty Kill 4 Players Defense
Defense Defense Time % Phy DF OF
1 Jacob Trouba Matt Smaby 60 1 2 2
2 Brian Lashoff Jonathan Ericsson 40 1 2 2
Penalty Kill - 3 Players Forward
Forward Time % Phy DF OF
1 Jordan Nolan 60 1 2 2
2 Jakub Voracek 40 1 2 2
Penalty Kill - 3 Players Defense
Defense Defense Time % Phy DF OF
1 Jacob Trouba Matt Smaby 60 1 2 2
2 Brian Lashoff Jonathan Ericsson 40 1 2 2
4 vs 4 Forward
Center Wing Time % Phy DF OF
1 Jordan Nolan Jakub Voracek 60 1 2 2
2 Jeff Carter Max Pacioretty 40 1 2 2
4 vs 4 Defense
Defense Defense Time % Phy DF OF
1 Jacob Trouba Matt Smaby 60 1 2 2
2 Brian Lashoff Jonathan Ericsson 40 1 2 2
Last Minutes Offensive
Center Left Wing Right Wing Defense Defense
Jordan Nolan Max Pacioretty Jakub Voracek Jacob Trouba Matt Smaby
Last Minutes Defensive
Center Left Wing Right Wing Defense Defense
Jordan Nolan Max Pacioretty Jakub Voracek Jacob Trouba Matt Smaby
Goaltenders
Starting : Ilya Sorokin
Backup : Steve Mason
Extra Forwards
Normal : Travis Zajac, Niclas Bergfors, Nick Ritchie - PP : Travis Zajac, Niclas Bergfors - PK : Nick Ritchie
Extra Defensemen
Normal : Jake Dotchin, Ivan Provorov, Brian Lashoff - PP : Jake Dotchin - PK : Ivan Provorov, Brian Lashoff
Penalty Shots
Jordan Nolan, Jakub Voracek, Jeff Carter, Max Pacioretty, Drew Miller
Scratches
Nathan Beaulieu (Severed Right Wrist Tendon Injury), Travis Konecny (Healthy)
% Time on Ice - Blue Jackets
Lines # - Real PCT - Wanted PCT - Time Play
Normal Forward
1 - 33% - 40% - 14:14
2 - 24% - 30% - 10:08
3 - 26% - 20% - 11:02
4 - 18% - 10% - 7:41
Normal Defense
1 - 38% - 40% - 16:35
2 - 35% - 30% - 15:16
3 - 24% - 20% - 10:33
4 - 2% - 10% - 0:41
PP Forward
1 - 54% - 60% - 3:46
2 - 46% - 40% - 3:14
PP Defense
1 - 65% - 60% - 4:31
2 - 35% - 40% - 2:29
PK Forward
1 - 70% - 60% - 6:59
2 - 30% - 40% - 2:56
PK Defense
1 - 56% - 60% - 5:33
2 - 44% - 40% - 4:22
PK3 Forward
1 - 0% - 60%
2 - 0% - 40%
PK3 Defense
1 - 0% - 60%
2 - 0% - 40%
44 Forward
1 - 0% - 60%
2 - 0% - 40%
44 Defense
1 - 0% - 60%
2 - 0% - 40%
Last Minute Offensive - 0:00
Last Minute Defensive - 0:00
Total
Forward - 60:00
Defense - 60:00
|
% Time on Ice - Flyers
Lines # - Real PCT - Wanted PCT - Time Play
Normal Forward
1 - 33% - 40% - 14:12
2 - 26% - 30% - 11:13
3 - 27% - 20% - 11:37
4 - 14% - 10% - 6:03
Normal Defense
1 - 38% - 40% - 16:11
2 - 30% - 30% - 12:57
3 - 32% - 20% - 13:57
4 - 0% - 10% - 0:00
PP Forward
1 - 60% - 60% - 5:57
2 - 40% - 40% - 3:58
PP Defense
1 - 63% - 60% - 6:16
2 - 37% - 40% - 3:39
PK Forward
1 - 83% - 60% - 5:50
2 - 17% - 40% - 1:10
PK Defense
1 - 59% - 60% - 4:07
2 - 41% - 40% - 2:53
PK3 Forward
1 - 0% - 60%
2 - 0% - 40%
PK3 Defense
1 - 0% - 60%
2 - 0% - 40%
44 Forward
1 - 0% - 60%
2 - 0% - 40%
44 Defense
1 - 0% - 60%
2 - 0% - 40%
Last Minute Offensive - 0:00
Last Minute Defensive - 0:00
Total
Forward - 60:00
Defense - 60:00
|
Play-by-Play
1st period
0:01 of 1st period - Sidney Crosby wins face-off versus Jordan Nolan in neutral zone.
0:01 of 1st period - Sidney Crosby is hit by Jordan Nolan.
0:09 of 1st period - Snap shot by Teuvo Teravainen.
0:09 of 1st period - Shot Blocked by Max Pacioretty.
0:11 of 1st period - Snap shot by Sidney Crosby.
0:11 of 1st period - Shot Misses the Net.
0:24 of 1st period - Jacob Trouba is hit by Teuvo Teravainen and loses puck.
0:31 of 1st period - Slapshot by Sidney Crosby.
0:31 of 1st period - Shot Misses the Net.
0:43 of 1st period - Snap shot by Teuvo Teravainen.
0:43 of 1st period - Stopped by Ilya Sorokin without a rebound.
0:44 of 1st period - Jeff Carter wins face-off versus Logan Couture in Flyers zone.
0:49 of 1st period - Wrist shot by Marcus Kruger.
0:49 of 1st period - Shot Blocked by Aaron Ekblad.
0:51 of 1st period - Slapshot by Brian Lashoff.
0:51 of 1st period - Stopped by John Gibson with a rebound.
0:57 of 1st period - Wrist shot by Marcus Kruger.
0:57 of 1st period - Goal by Marcus Kruger - Blue Jackets : 0 - Flyers : 1.
0:58 of 1st period - Ryan Kesler wins face-off versus Travis Zajac in neutral zone.
1:08 of 1st period - Wrist shot by Travis Zajac.
1:08 of 1st period - Stopped by John Gibson with a rebound.
1:10 of 1st period - Slapshot by Jake Dotchin.
1:10 of 1st period - Deflect By Ryan Kesler.
1:10 of 1st period - Stopped by John Gibson with a rebound.
1:50 of 1st period - Wrist shot by Sidney Crosby.
1:50 of 1st period - Stopped by Ilya Sorokin with a rebound.
1:54 of 1st period - Snap shot by Teuvo Teravainen.
1:54 of 1st period - Shot Misses the Net.
2:16 of 1st period - Wrist shot by William Karlsson.
2:16 of 1st period - Stopped by Ilya Sorokin with a rebound.
2:18 of 1st period - Slapshot by Aaron Ekblad.
2:18 of 1st period - Shot Misses the Net.
2:38 of 1st period - Wrist shot by Fabian Brunnstrom.
2:38 of 1st period - Stopped by Ilya Sorokin with a rebound.
2:52 of 1st period - Michael Raffl is hit by Jakub Voracek and loses puck.
3:48 of 1st period - Ben Hutton is hit by Jake Dotchin and loses puck.
4:07 of 1st period - Snap shot by Travis Zajac.
4:07 of 1st period - Stopped by John Gibson with a rebound.
4:37 of 1st period - Snap shot by William Karlsson.
4:37 of 1st period - Stopped by Ilya Sorokin with a rebound.
4:39 of 1st period - Slapshot by Morgan Rielly.
4:39 of 1st period - Stopped by Ilya Sorokin without a rebound.
4:40 of 1st period - Jordan Nolan wins face-off versus Logan Couture in Flyers zone.
4:40 of 1st period - Jordan Nolan is hit by Travis Hamonic.
5:15 of 1st period - Slapshot by Teuvo Teravainen.
5:15 of 1st period - Stopped by Ilya Sorokin without a rebound.
5:16 of 1st period - Jordan Nolan wins face-off versus Logan Couture in Flyers zone.
6:01 of 1st period - Icing by Kyle Okposo.
6:02 of 1st period - Ryan Kesler wins face-off versus Calle Jarnkrok in Blue Jackets zone.
6:30 of 1st period - Snap shot by Sidney Crosby.
6:30 of 1st period - Shot Misses the Net.
6:32 of 1st period - Wrist shot by Nick Schmaltz.
6:32 of 1st period - Stopped by Ilya Sorokin with a rebound.
6:34 of 1st period - Slapshot by PK Subban.
6:34 of 1st period - Stopped by Ilya Sorokin without a rebound.
6:35 of 1st period - Jordan Nolan wins face-off versus Sidney Crosby in Flyers zone.
6:37 of 1st period - Minor Penalty to Max Pacioretty for Holding.
6:38 of 1st period - Jordan Nolan wins face-off versus Sidney Crosby in Flyers zone.
7:04 of 1st period - Jacob Trouba is hit by Blake Wheeler and loses puck.
7:15 of 1st period - Snap shot by Logan Couture.
7:15 of 1st period - Deflect By Fabian Brunnstrom.
7:15 of 1st period - Stopped by Ilya Sorokin with a rebound.
7:59 of 1st period - Kyle Okposo is hit by Brock Nelson and loses puck.
8:37 of 1st period - Penalty to Max Pacioretty is over, Max Pacioretty is back on ice.
8:48 of 1st period - Wrist shot by Niclas Bergfors.
8:48 of 1st period - Deflect By Nick Ritchie.
8:48 of 1st period - Shot Misses the Net.
8:48 of 1st period - Puck is out of play.
8:49 of 1st period - Travis Zajac wins face-off versus Logan Couture in Blue Jackets zone.
9:23 of 1st period - Michael Raffl is hit by Tomas Kubalik and loses puck.
9:53 of 1st period - Icing by Ryan Kesler.
9:54 of 1st period - Sidney Crosby wins face-off versus Jeff Carter in Blue Jackets zone.
10:28 of 1st period - Jordan Nolan is hit by Ben Hutton and loses puck.
11:28 of 1st period - Snap shot by Logan Couture.
11:28 of 1st period - Stopped by Ilya Sorokin without a rebound.
11:29 of 1st period - Sidney Crosby wins face-off versus Jordan Nolan in Flyers zone.
12:20 of 1st period - Snap shot by Kyle Okposo.
12:20 of 1st period - Stopped by Ilya Sorokin without a rebound.
12:21 of 1st period - Ryan Kesler wins face-off versus Travis Zajac in Flyers zone.
13:19 of 1st period - Minor Penalty to Ryan Kesler for High sticking.
13:20 of 1st period - Jordan Nolan wins face-off versus Teuvo Teravainen in Blue Jackets zone.
13:36 of 1st period - Slapshot by Jordan Nolan.
13:36 of 1st period - Stopped by John Gibson with a rebound.
13:54 of 1st period - Wrist shot by Max Pacioretty.
13:54 of 1st period - Stopped by John Gibson with a rebound.
14:06 of 1st period - Slapshot by Matt Smaby.
14:06 of 1st period - Shot Blocked by Fabian Brunnstrom.
14:08 of 1st period - Snap shot by Jacob Trouba.
14:08 of 1st period - Shot Blocked by Colton Parayko.
14:32 of 1st period - Slapshot by Jakub Voracek.
14:32 of 1st period - Stopped by John Gibson with a rebound.
14:44 of 1st period - Snap shot by Jakub Voracek.
14:44 of 1st period - Stopped by John Gibson with a rebound.
15:19 of 1st period - Penalty to Ryan Kesler is over, Ryan Kesler is back on ice.
16:09 of 1st period - Nick Schmaltz is hit by Travis Zajac and loses puck.
16:22 of 1st period - Snap shot by Blake Wheeler.
16:22 of 1st period - Stopped by Ilya Sorokin with a rebound.
16:54 of 1st period - Jake Dotchin is hit by Logan Couture and loses puck.
17:05 of 1st period - Slapshot by Niclas Bergfors.
17:05 of 1st period - Stopped by John Gibson without a rebound.
17:06 of 1st period - Jeff Carter wins face-off versus Ryan Kesler in Blue Jackets zone.
17:13 of 1st period - Slapshot by Marcus Kruger.
17:13 of 1st period - Stopped by John Gibson with a rebound.
17:15 of 1st period - Slapshot by Ivan Provorov.
17:15 of 1st period - Shot Blocked by Kyle Okposo.
17:21 of 1st period - Snap shot by Jeff Carter.
17:21 of 1st period - Shot Misses the Net.
17:27 of 1st period - Minor Penalty to Ryan Kesler for Hooking.
17:28 of 1st period - Jeff Carter wins face-off versus Sidney Crosby in Blue Jackets zone.
18:26 of 1st period - Icing by Brian Lashoff.
18:27 of 1st period - Sidney Crosby wins face-off versus Jeff Carter in Flyers zone.
18:44 of 1st period - Icing by Jordan Nolan.
18:45 of 1st period - Jordan Nolan wins face-off versus Logan Couture in Flyers zone.
19:27 of 1st period - Penalty to Ryan Kesler is over, Ryan Kesler is back on ice.
19:42 of 1st period - Snap shot by Blake Wheeler.
19:42 of 1st period - Shot Misses the Net.
19:44 of 1st period - Slapshot by PK Subban.
19:44 of 1st period - Goal by PK Subban - Blue Jackets : 1 - Flyers : 1.
19:45 of 1st period - Sidney Crosby wins face-off versus Jordan Nolan in neutral zone.
19:48 of 1st period - Slapshot by Nick Schmaltz.
19:48 of 1st period - Goal by Nick Schmaltz - Blue Jackets : 2 - Flyers : 1.
19:49 of 1st period - Sidney Crosby wins face-off versus Jordan Nolan in neutral zone.
19:59 of 1st period - Off-side.
Goals for this period are 2 for Blue Jackets vs 1 for Flyers.
Shots for this period are 15 for Blue Jackets vs 11 for Flyers.
2nd period
0:01 of 2nd period - Sidney Crosby wins face-off versus Jordan Nolan in neutral zone.
0:42 of 2nd period - Snap shot by Jacob Trouba.
0:42 of 2nd period - Stopped by John Gibson without a rebound.
0:43 of 2nd period - Ryan Kesler wins face-off versus Jordan Nolan in Blue Jackets zone.
1:30 of 2nd period - Snap shot by Logan Couture.
1:30 of 2nd period - Shot Blocked by Jacob Trouba.
1:32 of 2nd period - Wrist shot by Logan Couture.
1:32 of 2nd period - Shot Blocked by Jacob Trouba.
1:36 of 2nd period - Wrist shot by Logan Couture.
1:36 of 2nd period - Stopped by Ilya Sorokin with a rebound.
2:28 of 2nd period - Snap shot by Matt Smaby.
2:28 of 2nd period - Stopped by John Gibson without a rebound.
2:29 of 2nd period - Sidney Crosby wins face-off versus Jeff Carter in Blue Jackets zone.
2:40 of 2nd period - Wrist shot by Marcus Kruger.
2:40 of 2nd period - Shot Blocked by Colton Parayko.
2:42 of 2nd period - Wrist shot by Jonathan Ericsson.
2:42 of 2nd period - Deflect By Drew Miller.
2:42 of 2nd period - Shot Misses the Net.
2:42 of 2nd period - Puck is out of play.
2:43 of 2nd period - Sidney Crosby wins face-off versus Jordan Nolan in Blue Jackets zone.
2:52 of 2nd period - Colton Parayko is hit by Jakub Voracek and loses puck.
2:58 of 2nd period - Minor Penalty to Jordan Nolan for Boarding.
2:59 of 2nd period - Kyle Okposo wins face-off versus Nick Ritchie in Flyers zone.
3:06 of 2nd period - Snap shot by Sidney Crosby.
3:06 of 2nd period - Shot Misses the Net.
3:08 of 2nd period - Snap shot by Teuvo Teravainen.
3:08 of 2nd period - Stopped by Ilya Sorokin with a rebound.
3:36 of 2nd period - Snap shot by Fabian Brunnstrom.
3:36 of 2nd period - Shot Misses the Net.
3:38 of 2nd period - Snap shot by Blake Wheeler.
3:38 of 2nd period - Shot Misses the Net.
4:03 of 2nd period - Jonathan Ericsson is hit by Blake Wheeler and loses puck.
4:22 of 2nd period - Jeff Carter is hit by Sidney Crosby and loses puck.
4:58 of 2nd period - Penalty to Jordan Nolan is over, Jordan Nolan is back on ice.
5:30 of 2nd period - Ben Hutton is hit by Jake Dotchin and loses puck.
6:14 of 2nd period - Slapshot by Aaron Ekblad.
6:14 of 2nd period - Deflect By Ryan Kesler.
6:14 of 2nd period - Shot Hit the Post.
6:14 of 2nd period - Puck is out of play.
6:15 of 2nd period - Jeff Carter wins face-off versus Michael Raffl in Flyers zone.
6:59 of 2nd period - Snap shot by Travis Zajac.
6:59 of 2nd period - Stopped by John Gibson without a rebound.
7:00 of 2nd period - William Karlsson wins face-off versus Nick Ritchie in Blue Jackets zone.
7:15 of 2nd period - Snap shot by Travis Zajac.
7:15 of 2nd period - Shot Misses the Net.
7:17 of 2nd period - Slapshot by Nick Ritchie.
7:17 of 2nd period - Shot Misses the Net.
7:19 of 2nd period - Snap shot by Nick Ritchie.
7:19 of 2nd period - Stopped by John Gibson with a rebound.
7:27 of 2nd period - Snap shot by Travis Zajac.
7:27 of 2nd period - Stopped by John Gibson without a rebound.
7:28 of 2nd period - Jordan Nolan wins face-off versus Nick Schmaltz in Blue Jackets zone.
7:29 of 2nd period - Wrist shot by Jakub Voracek.
7:29 of 2nd period - Stopped by John Gibson without a rebound.
7:30 of 2nd period - Sidney Crosby wins face-off versus Max Pacioretty in Blue Jackets zone.
8:45 of 2nd period - Snap shot by Calle Jarnkrok.
8:45 of 2nd period - Stopped by John Gibson with a rebound.
8:47 of 2nd period - Slapshot by Calle Jarnkrok.
8:47 of 2nd period - Shot Misses the Net.
8:49 of 2nd period - Snap shot by Brock Nelson.
8:49 of 2nd period - Stopped by John Gibson with a rebound.
9:16 of 2nd period - Backhand shot by Jordan Nolan.
9:16 of 2nd period - Shot Blocked by Fabian Brunnstrom.
9:28 of 2nd period - Snap shot by Drew Miller.
9:28 of 2nd period - Shot Misses the Net.
9:49 of 2nd period - Icing by PK Subban.
9:50 of 2nd period - Travis Zajac wins face-off versus Ryan Kesler in Blue Jackets zone.
9:59 of 2nd period - Wrist shot by Aaron Ekblad.
9:59 of 2nd period - Stopped by Ilya Sorokin with a rebound.
10:09 of 2nd period - Snap shot by Kyle Okposo.
10:09 of 2nd period - Shot Blocked by Nick Ritchie.
10:11 of 2nd period - Wrist shot by Ryan Kesler.
10:11 of 2nd period - Goal by Ryan Kesler - Blue Jackets : 3 - Flyers : 1.
10:12 of 2nd period - Jordan Nolan wins face-off versus Sidney Crosby in neutral zone.
10:15 of 2nd period - Sidney Crosby is hit by Matt Smaby and loses puck.
11:35 of 2nd period - Snap shot by PK Subban.
11:35 of 2nd period - Stopped by Ilya Sorokin without a rebound.
11:36 of 2nd period - Sidney Crosby wins face-off versus Jordan Nolan in Flyers zone.
11:51 of 2nd period - Snap shot by Max Pacioretty.
11:51 of 2nd period - Deflect By Sidney Crosby.
11:51 of 2nd period - Stopped by John Gibson without a rebound.
11:52 of 2nd period - Logan Couture wins face-off versus Jeff Carter in Blue Jackets zone.
11:57 of 2nd period - Logan Couture is hit by Jacob Trouba and loses puck.
12:07 of 2nd period - Minor Penalty to Fabian Brunnstrom for Cross-checking.
12:08 of 2nd period - Jordan Nolan wins face-off versus Sidney Crosby in Blue Jackets zone.
14:07 of 2nd period - Penalty to Fabian Brunnstrom is over, Fabian Brunnstrom is back on ice.
14:11 of 2nd period - Aaron Ekblad is hit by Brian Lashoff and loses puck.
14:16 of 2nd period - Slapshot by Niclas Bergfors.
14:16 of 2nd period - Shot Blocked by Aaron Ekblad.
16:04 of 2nd period - Nail Yakupov is hit by Jacob Trouba.
16:14 of 2nd period - Backhand shot by Marcus Kruger.
16:14 of 2nd period - Shot Misses the Net.
16:35 of 2nd period - Snap shot by Tomas Kubalik.
16:35 of 2nd period - Stopped by John Gibson with a rebound.
16:47 of 2nd period - Morgan Rielly is hit by Jakub Voracek and loses puck.
17:02 of 2nd period - Ivan Provorov is hit by Logan Couture and loses puck.
17:23 of 2nd period - Wrist shot by Blake Wheeler.
17:23 of 2nd period - Shot Misses the Net.
17:25 of 2nd period - Snap shot by William Karlsson.
17:25 of 2nd period - Stopped by Ilya Sorokin with a rebound.
17:46 of 2nd period - Icing by Teuvo Teravainen.
17:47 of 2nd period - Sidney Crosby wins face-off versus Calle Jarnkrok in Blue Jackets zone.
18:37 of 2nd period - Slapshot by Ryan Kesler.
18:37 of 2nd period - Goal by Ryan Kesler - Blue Jackets : 4 - Flyers : 1.
18:38 of 2nd period - Jordan Nolan wins face-off versus Sidney Crosby in neutral zone.
18:49 of 2nd period - Wrist shot by Teuvo Teravainen.
18:49 of 2nd period - Stopped by Ilya Sorokin without a rebound.
18:50 of 2nd period - Jordan Nolan wins face-off versus Sidney Crosby in Flyers zone.
19:18 of 2nd period - Matt Smaby is hit by Travis Hamonic and loses puck.
19:59 of 2nd period - Brock Nelson is hit by Aaron Ekblad.
Goals for this period are 2 for Blue Jackets vs 0 for Flyers.
Shots for this period are 8 for Blue Jackets vs 10 for Flyers.
3rd period
0:01 of 3rd period - Sidney Crosby wins face-off versus Jordan Nolan in neutral zone.
0:04 of 3rd period - Matt Smaby is hit by Colton Parayko and loses puck.
0:33 of 3rd period - Nail Yakupov is hit by Marcus Kruger and loses puck.
0:58 of 3rd period - Slapshot by Ryan Kesler.
0:58 of 3rd period - Shot Misses the Net.
1:00 of 3rd period - Slapshot by Colton Parayko.
1:00 of 3rd period - Shot Blocked by Brian Lashoff.
1:02 of 3rd period - Snap shot by Kyle Okposo.
1:02 of 3rd period - Shot Misses the Net.
1:16 of 3rd period - Jonathan Ericsson is hit by Blake Wheeler and loses puck.
1:21 of 3rd period - Snap shot by William Karlsson.
1:21 of 3rd period - Stopped by Ilya Sorokin without a rebound.
1:22 of 3rd period - Sidney Crosby wins face-off versus Jordan Nolan in Flyers zone.
1:29 of 3rd period - Snap shot by Sidney Crosby.
1:29 of 3rd period - Stopped by Ilya Sorokin without a rebound.
1:30 of 3rd period - Jordan Nolan wins face-off versus Sidney Crosby in Flyers zone.
2:23 of 3rd period - Sidney Crosby is hit by Ivan Provorov and loses puck.
2:30 of 3rd period - Slapshot by Jordan Nolan.
2:30 of 3rd period - Stopped by John Gibson without a rebound.
2:31 of 3rd period - Jeff Carter wins face-off versus Logan Couture in Blue Jackets zone.
2:34 of 3rd period - Snap shot by Drew Miller.
2:34 of 3rd period - Goal by Drew Miller - Blue Jackets : 4 - Flyers : 2.
2:35 of 3rd period - Logan Couture wins face-off versus Drew Miller in neutral zone.
3:28 of 3rd period - Slapshot by Teuvo Teravainen.
3:28 of 3rd period - Shot Misses the Net.
3:30 of 3rd period - Snap shot by Teuvo Teravainen.
3:30 of 3rd period - Stopped by Ilya Sorokin without a rebound.
3:31 of 3rd period - Jakub Voracek wins face-off versus Nick Schmaltz in Flyers zone.
3:43 of 3rd period - Snap shot by Teuvo Teravainen.
3:43 of 3rd period - Stopped by Ilya Sorokin without a rebound.
3:44 of 3rd period - Jordan Nolan wins face-off versus Sidney Crosby in Flyers zone.
4:26 of 3rd period - Aaron Ekblad is hit by Drew Miller and loses puck.
4:43 of 3rd period - Minor Penalty to Kyle Okposo for Hooking.
4:44 of 3rd period - Jordan Nolan wins face-off versus Sidney Crosby in Blue Jackets zone.
4:58 of 3rd period - Wrist shot by Jakub Voracek.
4:58 of 3rd period - Shot Misses the Net.
5:00 of 3rd period - Wrist shot by Jordan Nolan.
5:00 of 3rd period - Shot Blocked by Travis Hamonic.
5:14 of 3rd period - Slapshot by Marcus Kruger.
5:14 of 3rd period - Stopped by John Gibson without a rebound.
5:15 of 3rd period - Sidney Crosby wins face-off versus Jordan Nolan in Blue Jackets zone.
5:36 of 3rd period - Wrist shot by Jordan Nolan.
5:36 of 3rd period - Shot Misses the Net.
6:15 of 3rd period - Icing by Jeff Carter.
6:16 of 3rd period - Jeff Carter wins face-off versus Logan Couture in Flyers zone.
6:23 of 3rd period - Wrist shot by Jeff Carter.
6:23 of 3rd period - Stopped by John Gibson with a rebound.
6:25 of 3rd period - Backhand shot by Marcus Kruger.
6:25 of 3rd period - Shot Hit the Post.
6:41 of 3rd period - Slapshot by Jordan Nolan.
6:41 of 3rd period - Stopped by John Gibson without a rebound.
6:42 of 3rd period - Jordan Nolan wins face-off versus Sidney Crosby in Blue Jackets zone.
6:43 of 3rd period - Penalty to Kyle Okposo is over, Kyle Okposo is back on ice.
7:15 of 3rd period - Wrist shot by Logan Couture.
7:15 of 3rd period - Stopped by Ilya Sorokin with a rebound.
7:17 of 3rd period - Slapshot by Colton Parayko.
7:17 of 3rd period - Shot Blocked by Drew Miller.
7:31 of 3rd period - Slapshot by Niclas Bergfors.
7:31 of 3rd period - Shot Blocked by Morgan Rielly.
7:33 of 3rd period - Slapshot by Jake Dotchin.
7:33 of 3rd period - Shot Misses the Net.
7:35 of 3rd period - Wrist shot by Nick Ritchie.
7:35 of 3rd period - Shot Misses the Net.
7:37 of 3rd period - Backhand shot by Niclas Bergfors.
7:37 of 3rd period - Shot Misses the Net.
7:39 of 3rd period - Slapshot by Ivan Provorov.
7:39 of 3rd period - Deflect By Travis Zajac.
7:39 of 3rd period - Shot Misses the Net.
7:39 of 3rd period - Puck is out of play.
7:40 of 3rd period - Max Pacioretty wins face-off versus Logan Couture in Blue Jackets zone.
8:01 of 3rd period - Minor Penalty to Jordan Nolan for Roughing.
8:02 of 3rd period - Sidney Crosby wins face-off versus Nick Ritchie in Flyers zone.
10:01 of 3rd period - Penalty to Jordan Nolan is over, Jordan Nolan is back on ice.
10:14 of 3rd period - Calle Jarnkrok is hit by Ryan Kesler and loses puck.
10:32 of 3rd period - Aaron Ekblad is hit by Jake Dotchin and loses puck.
10:37 of 3rd period - Wrist shot by Jakub Voracek.
10:37 of 3rd period - Shot Blocked by PK Subban.
10:39 of 3rd period - Wrist shot by Jordan Nolan.
10:39 of 3rd period - Stopped by John Gibson without a rebound.
10:40 of 3rd period - Logan Couture wins face-off versus Jeff Carter in Blue Jackets zone.
10:40 of 3rd period - Logan Couture is hit by Jeff Carter.
11:00 of 3rd period - Morgan Rielly is hit by Nick Ritchie.
11:04 of 3rd period - Brian Lashoff is hit by Nick Schmaltz and loses puck.
11:43 of 3rd period - Minor Penalty to Fabian Brunnstrom for Holding.
11:44 of 3rd period - Jeff Carter wins face-off versus Sidney Crosby in Blue Jackets zone.
11:45 of 3rd period - Snap shot by Marcus Kruger.
11:45 of 3rd period - Shot Misses the Net.
11:47 of 3rd period - Snap shot by Marcus Kruger.
11:47 of 3rd period - Shot Misses the Net.
12:01 of 3rd period - Slapshot by Drew Miller.
12:01 of 3rd period - Stopped by John Gibson with a rebound.
13:43 of 3rd period - Penalty to Fabian Brunnstrom is over, Fabian Brunnstrom is back on ice.
14:14 of 3rd period - Snap shot by Tomas Kubalik.
14:14 of 3rd period - Stopped by John Gibson without a rebound.
14:15 of 3rd period - Calle Jarnkrok wins face-off versus Ryan Kesler in Blue Jackets zone.
14:34 of 3rd period - Wrist shot by Brock Nelson.
14:34 of 3rd period - Stopped by John Gibson without a rebound.
14:35 of 3rd period - Jordan Nolan wins face-off versus Teuvo Teravainen in Blue Jackets zone.
15:24 of 3rd period - Travis Hamonic is hit by Jonathan Ericsson and loses puck.
15:33 of 3rd period - Ryan Kesler is hit by Niclas Bergfors and loses puck.
16:15 of 3rd period - Slapshot by Ben Hutton.
16:15 of 3rd period - Stopped by Ilya Sorokin with a rebound.
16:47 of 3rd period - Off-side.
16:48 of 3rd period - Jordan Nolan wins face-off versus Ryan Kesler in neutral zone.
17:14 of 3rd period - Travis Zajac is hit by Logan Couture and loses puck.
17:19 of 3rd period - Slapshot by Fabian Brunnstrom.
17:19 of 3rd period - Shot Misses the Net.
17:21 of 3rd period - Slapshot by Fabian Brunnstrom.
17:21 of 3rd period - Stopped by Ilya Sorokin without a rebound.
17:22 of 3rd period - Logan Couture wins face-off versus Jordan Nolan in Flyers zone.
17:35 of 3rd period - Snap shot by Jordan Nolan.
17:35 of 3rd period - Deflect By Jakub Voracek.
17:35 of 3rd period - Stopped by John Gibson with a rebound.
17:47 of 3rd period - Travis Hamonic is hit by Niclas Bergfors and loses puck.
18:10 of 3rd period - Snap shot by PK Subban.
18:10 of 3rd period - Stopped by Ilya Sorokin with a rebound.
18:12 of 3rd period - Wrist shot by Ryan Dzingel.
18:12 of 3rd period - Stopped by Ilya Sorokin without a rebound.
18:13 of 3rd period - Jordan Nolan wins face-off versus William Karlsson in Flyers zone.
18:13 of 3rd period - Jordan Nolan is hit by Ben Hutton.
18:25 of 3rd period - Ben Hutton is hit by Jacob Trouba and loses puck.
18:56 of 3rd period - Minor Penalty to Nick Ritchie for Holding.
18:57 of 3rd period - Sidney Crosby wins face-off versus Jordan Nolan in Flyers zone.
Goals for this period are 0 for Blue Jackets vs 1 for Flyers.
Shots for this period are 9 for Blue Jackets vs 10 for Flyers.